 Dungeon Crawl Stone Soup version 0.29-a0-39-g581ba40fa7 (webtiles) character file.

Game seed: 1489791515996707961

14696 Essalna the Destroyer (level 11, -2/86 HPs)
             Began as a Demonspawn Earth Elementalist on Feb 1, 2022.
             Was an Elder of Vehumet.
             Slain by a five-headed hydra (4 damage)
             ... while petrified by a basilisk
             ... on level 4 of the Lair of Beasts.
             The game lasted 00:25:23 (14734 turns).

Essalna the Destroyer (DsEE)                       Turns: 14734, Time: 00:25:24

Health: -2/86      AC: 16    Str:  8    XL:     11   Next: 92%
Magic:  32/33      EV:  2    Int: 24    God:    Vehumet [****..]
Gold:   717        SH:  0    Dex: 15    Spells: 16/28 levels left

rFire   + + .      SeeInvis .   N - staff of conjuration
rCold   . . .      Faith    .   (no shield)
rNeg    + + +      Spirit   .   w - +0 robe {rF+}
rPois   ∞          Reflect  .   (no helmet)
rElec   .          Harm     .   u - +0 cloak
rCorr   .          Rampage  .   f - +0 pair of gloves
Will    .....                   (no boots)
Stlth   +++.......              A - amulet "Xoicuis" {Acrobat Int+4}
HPRegen 0.24/turn               H - ring of protection from fire
MPRegen 0.23/turn               p - ring of magical power

@: petrified, sanguine armoured
A: powered by death 1, spiny 1, sanguine armour 3, demonic touch 2
a: Renounce Religion


You were on level 4 of the Lair of Beasts.
You worshipped Vehumet.
Vehumet was greatly pleased with you.
You visited 3 branches of the dungeon, and saw 14 of its levels.

You collected 717 gold pieces.

Inventory:

Hand Weapons
 e - a +2 vorpal spear
Missiles
 c - 300 stones
 C - 2 throwing nets
Armour
 f - a +0 pair of gloves (worn)
 u - a +0 cloak (worn)
 w - a +0 robe of fire resistance (worn)
Magical Staves
 N - a staff of conjuration (weapon)
Jewellery
 b - a +4 ring of protection
 g - a ring of wizardry
 p - a ring of magical power (right hand)
 t - a ring of resist corrosion
 v - a +6 ring of strength
 A - the amulet "Xoicuis" (around neck) {Acrobat Int+4}
   (You found it on level 7 of the Dungeon)

   [amulet of the acrobat]

   It increases your evasion while moving and waiting.
   Int:       It affects your intelligence (+4).
 H - a ring of protection from fire (left hand)
Wands
 r - a wand of charming (22)
 D - a wand of mindburst (5)
 E - a wand of polymorph (11)
 K - a wand of iceblast (20)
 O - a wand of digging (14)
 Q - a wand of paralysis (2)
Scrolls
 i - 4 scrolls of vulnerability {unknown}
 l - 3 scrolls of fog {unknown}
 n - 3 scrolls of amnesia {unknown}
 o - 3 scrolls of teleportation {unknown}
 q - 2 scrolls of immolation {unknown}
 s - a scroll of enchant armour {unknown}
 x - a scroll of acquirement {unknown}
 y - 2 scrolls of enchant weapon {unknown}
 B - 5 scrolls of identify {unknown}
 J - a scroll of blinking {unknown}
 L - a scroll of noise {unknown}
Potions
 a - a potion of resistance {unknown}
 d - 4 potions of mutation {unknown}
 h - a potion of might {unknown}
 j - 3 potions of curing {unknown}
 k - 4 potions of heal wounds {unknown}
 m - 2 potions of ambrosia {unknown}
 z - 2 potions of lignification {unknown}
 F - a potion of invisibility {unknown}
 G - 2 potions of brilliance {unknown}
 I - 2 potions of flight {unknown}
 M - 2 potions of berserk rage {unknown}
 P - a potion of cancellation {unknown}


   Skills:
 + Level 8.3 Fighting
 + Level 2.8 Armour
 + Level 3.5 Dodging
 + Level 3.7 Stealth
 + Level 9.2 Spellcasting
 + Level 9.4 Conjurations
 - Level 0.8 Transmutations
 + Level 9.4 Earth Magic


You had 16 spell levels left.
You knew the following spells:

 Your Spells              Type           Power      Damage    Failure   Level
a - Sandblast             Erth           100%       2d20      1%          1
b - Stone Arrow           Conj/Erth      100%       3d13      1%          3
c - Iron Shot             Conj/Erth      35%        9d7       5%          6
d - Passwall              Tmut/Erth      29%        N/A       1%          2

Your spell library contained the following spells:

 Spells                   Type           Power      Damage    Failure   Level
 Iskenderun's Battlesphe  Conj           71%        2d12      1%          5
 Magic Dart               Conj           100%       1d8       1%          1
 Static Discharge         Conj/Air       50%        N/A       1%          2
 Mephitic Cloud           Conj/Pois/Air  39%        N/A       1%          3
 Pain                     Necr           44%        1d6       6%          1
 Lightning Bolt           Conj/Air       25%        1d41      6%          5
 Petrify                  Tmut/Erth      35%        N/A       7%          4
 Call Imp                 Summ           11%        N/A       9%          2
 Animate Armour           Summ/Erth      66%        N/A       9%          4
 Gell's Gravitas          Tloc           11%        N/A       17%         3
 Blade Hands              Tmut           7%         N/A       73%         5
 Agony                    Necr           11%        N/A       85%         5
 Excruciating Wounds      Necr           5%         N/A       85%         5
 Disjunction              Tloc           5%         N/A       100%        8
 Maxwell's Capacitive Co  Air            5%         ∞         100%        8


Dungeon Overview and Level Annotations

Branches:
Dungeon (9/15)             Temple (1/1) D:7            Lair (4/6) D:9
  Snake (0/4) Lair:2          Orc (0/2) D:9
  Swamp: Lair:2-4    Shoals: Lair:2-4

Altars:
Ashenzari
Cheibriados
Elyvilon
Fedhas
Gozag
Hepliaklqana
Kikubaaqudgha
Makhleb
Nemelex Xobeh
Okawaru
Qazlal
Ru
Uskayaw
Vehumet
Wu Jian
Xom
Yredelemnul
Zin
The Shining One

Shops:
D:5 [=?=(   D:7 (

Annotations:
D:4 1 runed translucent door, mfcas's ghost, amateur DECj
Lair:2 3 runed translucent doors, Lahyump's ghost, journeyman DjCj


Innate Abilities, Weirdness & Mutations

You regenerate a little health from kills.
You are partially covered in sharp spines.
When seriously injured, your blood forms very thick armour. (AC +12)
Your touch may inflict irresistible damage on your foes.


Message History

The five-headed hydra bites you but does no damage. x4
The basilisk is struck by your spines.
The basilisk bites you but does no damage.
The basilisk bites you!
* * * LOW HITPOINT WARNING * * *
The basilisk is struck by your spines. The basilisk barely misses you.
The five-headed hydra is struck by your spines.
The five-headed hydra bites you but does no damage.
The five-headed hydra bites you.
* * * LOW HITPOINT WARNING * * *
The five-headed hydra bites you!
* * * LOW HITPOINT WARNING * * *
The five-headed hydra bites you but does no damage. x2
The basilisk gazes at you. You resist with some effort.
The basilisk gazes at you. x2
The five-headed hydra is struck by your spines.
The five-headed hydra bites you but does no damage. x5
The basilisk barely misses you. The basilisk gazes at you.
The basilisk bites you but does no damage.
The five-headed hydra bites you!
* * * LOW HITPOINT WARNING * * *
The five-headed hydra bites you but does no damage.
The five-headed hydra bites you.
* * * LOW HITPOINT WARNING * * *
The five-headed hydra completely misses you.
The five-headed hydra bites you but does no damage.
The basilisk bites you but does no damage.
The basilisk gazes at you. You resist with some effort.
The basilisk barely misses you.
The five-headed hydra is struck by your spines.
The five-headed hydra bites you.
* * * LOW HITPOINT WARNING * * *
The five-headed hydra bites you.
* * * LOW HITPOINT WARNING * * *
The five-headed hydra bites you.
* * * LOW HITPOINT WARNING * * *
The five-headed hydra bites you!
You die...

.................................
....... ......................
...### #.....................
...# ##.. .................. #...
...#####.#.....##.
#.....##.#.#.###..†####
###P..##.......#.....#
..P....#l...........##
PP...#@D............#
#.....ll#...#.##....#.
.....8....###..##...#
#.8.....8...........#
.....8...............
...................
.8.8.(.8.8.........
................ ....8.....#.#P.


You could see a five-headed hydra and 3 basilisks.

Vanquished Creatures
  A two-headed ogre (D:9)
  3 death yaks (D:9)
  A lindwurm (Lair:3)
  Joseph (D:8)
  3 black mambas
  A torpor snail (Lair:3)
  8 cane toads
  A kobold demonologist (D:9)
  4 blink frogs (Lair:3)
  A shadow (D:9)
  11 yaks
  2 basilisks (Lair:4)
  2 steam dragons
  4 nagas (Lair:2)
  4 water moccasins
  An orc warrior (D:8)
  2 sky beasts
  A necrophage (D:6)
  An ogre (D:4)
  10 wolves
  A phantom (D:6)
  11 kobold brigands (D:9)
  4 bullfrogs
  2 gnoll sergeants
  2 scorpions
  A water moccasin skeleton (D:5)
  2 electric eels (Lair:1)
  4 howler monkeys
  2 centaur zombies
  4 hounds
  4 orc priests
  2 gnoll shamans
  A bullfrog skeleton (D:7)
  4 iguanas
  7 orc wizards
  7 hell rats
  A hound zombie (D:5)
  A hound skeleton (D:5)
  11 gnolls
  4 adders
  2 shadow imps (D:9)
  A white imp (D:6)
  2 dart slugs (D:1)
  32 orcs
  5 ball pythons
  4 endoplasms
  3 giant cockroaches
  2 goblins (D:2)
  8 hobgoblins
  2 jackals (D:3)
  27 kobolds
  2 quokkas
  7 bats
  2 frilled lizards (D:1)
  9 kobold skeletons (D:9)
  9 kobold zombies (D:9)
  7 rats
261 creatures vanquished.

Vanquished Creatures (others)
  12 fungi
  15 plants
27 creatures vanquished.

Grand Total: 288 creatures vanquished

Notes
Turn   | Place    | Note
-------+----------+-------------------------------------------
     0 | D:1      | Essalna the Demonspawn Earth Elementalist began the quest
                  | for the Orb.
     0 | D:1      | Reached XP level 1. HP: 13/13 MP: 3/3
   319 | D:1      | Gained mutation: When seriously injured, your blood forms
                  | armour. (AC +12) [demonic ancestry]
   319 | D:1      | Reached XP level 2. HP: 19/19 MP: 5/5
  1170 | D:2      | Gained mutation: When seriously injured, your blood forms
                  | thick armour. (AC +12) [demonic ancestry]
  1170 | D:2      | Reached XP level 3. HP: 24/24 MP: 7/7
  1179 | D:2      | Learned a level 3 spell: Stone Arrow
  2054 | D:3      | Reached skill level 1 in Conjurations
  2203 | D:3      | Gained mutation: You are partially covered in sharp spines.
                  | [demonic ancestry]
  2203 | D:3      | Reached XP level 4. HP: 21/30 MP: 2/8
  2343 | D:4      | Noticed an ogre
  2354 | D:4      | Killed an ogre
  2355 | D:4      | Gained mutation: Your touch may inflict minor irresistible
                  | damage on your foes. [demonic ancestry]
  2355 | D:4      | Reached XP level 5. HP: 14/35 MP: 4/10
  3624 | D:4      | Found a runed translucent door.
  3626 | D:4      | Noticed mfcas's ghost (amateur DECj)
  3841 | D:5      | Entered Level 5 of the Dungeon
  3849 | D:5      | Gained mutation: You regenerate a little health from kills.
                  | [demonic ancestry]
  3849 | D:5      | Reached XP level 6. HP: 35/41 MP: 11/11
  3916 | D:5      | Found Lonaniw's Jewellery Shoppe.
  4094 | D:5      | Found a sacrificial altar of Ru.
  4095 | D:5      | Found a basalt altar of Yredelemnul.
  4095 | D:5      | Found a burning altar of Makhleb.
  4100 | D:5      | Found an iron altar of Okawaru.
  4106 | D:5      | Noticed a kobold demonologist
  4147 | D:5      | Found Qoliwiku's Armour Emporium.
  4186 | D:5      | Noticed a hellwing
  4187 | D:5      | Noticed an ice devil
  4187 | D:5      | Found Odes's Jewellery Shoppe.
  4222 | D:5      | Found Veatece's Antique Weapon Boutique.
  4257 | D:5      | Found a hide-covered altar of Uskayaw.
  4483 | D:5      | Found Tedyfyut's Magic Scroll Shoppe.
  4640 | D:6      | Noticed a sky beast
  4643 | D:6      | Killed a sky beast
  4730 | D:6      | Found a shimmering altar of Xom.
  4740 | D:6      | Reached XP level 7. HP: 42/46 MP: 13/13
  4793 | D:6      | Reached skill level 5 in Earth Magic
  5016 | D:6      | Reached skill level 5 in Spellcasting
  5350 | D:6      | Got Sampilua's Collected Works on the Compass
  5541 | D:6      | Found an ornate altar of the Wu Jian Council.
  5568 | D:6      | Reached skill level 1 in Fighting
  5741 | D:6      | Reached XP level 8. HP: 54/54 MP: 14/15
  6067 | D:7      | Reached skill level 5 in Conjurations
  6155 | D:7      | Identified the amulet "Xoicuis" {Acrobat Int+4}
  6277 | D:7      | Found a staircase to the Ecumenical Temple.
  6299 | Temple   | Entered the Ecumenical Temple
  6409 | Temple   | Became a worshipper of Vehumet
  6666 | D:7      | Found Bisades's Antique Weapon Boutique.
  7249 | D:8      | Noticed Joseph
  7253 | D:8      | Killed Joseph
  7528 | D:8      | Found a hazy altar of Hepliaklqana.
  7590 | D:8      | Gained mutation: Your touch may inflict irresistible damage
                  | on your foes. [demonic ancestry]
  7590 | D:8      | Reached XP level 9. HP: 54/65 MP: 14/18
  8528 | D:8      | Reached * piety under Vehumet
  8528 | D:8      | Offered knowledge of Shock by Vehumet.
  8673 | D:9      | Found a staircase to the Orcish Mines.
  8881 | D:9      | Noticed a two-headed ogre
  8887 | D:9      | Killed a two-headed ogre
  8888 | D:9      | Reached skill level 5 in Fighting
  9232 | D:9      | Offered knowledge of Freeze by Vehumet.
  9377 | D:9      | Reached ** piety under Vehumet
  9554 | D:9      | Gained mutation: When seriously injured, your blood forms
                  | very thick armour. (AC +12) [demonic ancestry]
  9554 | D:9      | Reached XP level 10. HP: 75/75 MP: 1/21
  9590 | D:9      | Offered knowledge of Conjure Flame by Vehumet.
  9598 | D:9      | Noticed a rust devil
  9762 | D:9      | Reached *** piety under Vehumet
  9830 | D:9      | Found an ancient bone altar of Kikubaaqudgha.
  9965 | D:9      | Noticed a death yak
  9973 | D:9      | Noticed a death yak
  9975 | D:9      | Killed a death yak
  9995 | D:9      | Noticed a death yak
  9998 | D:9      | Killed a death yak
 10261 | D:9      | Killed a death yak
 10261 | D:9      | Offered knowledge of Iskenderun's Mystic Blast by Vehumet.
 10333 | D:9      | Found a staircase to the Lair.
 10569 | Lair:1   | Entered Level 1 of the Lair of Beasts
 10787 | Lair:1   | Noticed a cane toad
 10789 | Lair:1   | Killed a cane toad
 11154 | Lair:1   | Noticed a black mamba
 11159 | Lair:1   | Killed a black mamba
 11555 | Lair:2   | Learned a level 6 spell: Iron Shot
 11602 | Lair:2   | Learned a level 2 spell: Passwall
 11791 | Lair:2   | Noticed a cane toad
 11795 | Lair:2   | Noticed a cane toad
 11797 | Lair:2   | Killed a cane toad
 11798 | Lair:2   | Reached XP level 11. HP: 63/84 MP: 17/23
 12090 | Lair:2   | Found a runed translucent gate.
 12092 | Lair:2   | Found a runed translucent gate.
 12092 | Lair:2   | Found a runed translucent gate.
 12102 | Lair:2   | Noticed Lahyump's ghost (journeyman DjCj)
 12557 | Lair:2   | Found a staircase to the Snake Pit.
 12566 | Lair:2   | Reached **** piety under Vehumet
 12821 | Lair:2   | Reached skill level 1 in Armour
 13141 | Lair:3   | Offered knowledge of Iskenderun's Battlesphere by Vehumet.
 13816 | Lair:3   | Noticed a lindwurm
 13821 | Lair:3   | Killed a lindwurm
 14713 | Lair:4   | Noticed a five-headed hydra
 14734 | Lair:4   | HP: 3/86 [five-headed hydra (3)]
 14734 | Lair:4   | Slain by a five-headed hydra

Illustrated notes

Levels and vault maps discovered:
D:1:      dpeg_arrival_chambers_temple_mockup, layout_basic,
          kennysheep_nondescript
D:2:      layout_basic, kennysheep_doodads
D:3:      layout_rooms
D:4:      layout_gridville, ebering_ghost_reflecting_pool
D:5:      layout_loops_cross, mainiacjoe_overflow_tiny_flanked,
          chequers_temple_overflow_statue_of_worship, serial_shops,
          nicolae_stop_n_shop_1, nicolae_stop_n_shop_1, shop,
          nicolae_shop_behind_doors, nicolae_diamond_shop
D:6:      layout_gridville, good_gods_temple_1, nicolae_overflow_crystal_walls,
          nicolae_wu_jian_glorious_leap
D:7:      layout_loops_ring, minmay_temple_entry_mist, serial_shops, shop_statue
D:8:      old_forge, layout_gridville, nzn_hepliaklqana_mist_gate,
          nicolae_grassy_gnolls, uniq_joseph
D:9:      wander_kiku_kobolds, layout_rooms, dpeg_lair_monsters
Temple:   chequers_temple_sunken
Lair:1:   layout_chaotic_city, serial_bayou_ford_a, dpeg_stationary_puzzle,
          serial_bayou_shore_b, infiniplex_staircase_pool_2
Lair:2:   layout_roguey, minmay_snake_entry_guardpost_small,
          gammafunk_ghost_split, serial_bayou_pond_e, lemuel_fruit_fields
Lair:3:   layout_roguey
Lair:4:   layout_regular_city, palyth_hydra_swamp_entry,
          kennysheep_basilisk_garden

Skill      XL: |  1  2  3  4  5  6  7  8  9 10 11 |
---------------+----------------------------------+-----
Earth Magic    | 3 4 5 6 7 8 9 |  9.4
Spellcasting   | 3 4 5 6 7 8 9 |  9.2
Conjurations   | 1 2 3 4 6 7 8 9 |  9.4
Fighting       | 1 3 5 7 8 |  8.3
Dodging        | 3 |  3.5
Stealth        | 3 |  3.7
Armour         | 2 |  2.8
Transmutations | |  0.8

Action                   |  1- 3 |  4- 6 |  7- 9 | 10-12 || total
-------------------------+-------+-------+-------+-------++-------
Melee: Dagger            |    10 |       |       |       ||    10
       Spear             |    91 |    27 |    13 |    54 ||   185
       Punch             |     2 |     1 |       |       ||     3
       Touch             |       |     4 |     2 |     6 ||    12
       Staff             |       |       |       |     4 ||     4
 Cast: Sandblast         |    17 |    34 |       |       ||    51
       Stone Arrow       |       |     8 |   165 |   164 ||   337
 Stab: Sleeping          |     6 |     1 |       |       ||     7
Armor: Robe              |    24 |    10 |     4 |    48 ||    86
Dodge: Dodged            |    60 |    22 |    35 |    67 ||   184

Table legend: (Time is in decaauts)
 A = Elapsed time spent in this place.
 B = Non-inter-level travel time spent in this place.
 C = Inter-level travel time spent in this place.
 D = Time resting spent in this place.
 E = Time spent auto-exploring this place.
 F = Levels seen in this place.
 G = Mean time per level.
                   A        B        C        D        E       F      G
               +--------+--------+--------+--------+--------+-----+--------+
         Total |  14776 |  14283 |    493 |    231 |  12283 |  14 | 1055.4 |
       Dungeon |  10469 |  10056 |    413 |    231 |   8409 |   9 | 1163.2 |
        Temple |    130 |    106 |     24 |      0 |     96 |   1 |  130.0 |
          Lair |   4177 |   4121 |     56 |      0 |   3777 |   4 | 1044.2 |
               +--------+--------+--------+--------+--------+-----+--------+

Top non-repeatable levels by time:
     D:9: 1744 daAuts
  Lair:2: 1524 daAuts
     D:8: 1407 daAuts
     D:6: 1365 daAuts
     D:7: 1349 daAuts
  Lair:3: 1199 daAuts
     D:4: 1129 daAuts
     D:2: 1034 daAuts
  Lair:1: 959 daAuts
     D:3: 892 daAuts
     D:1: 818 daAuts
     D:5: 727 daAuts
  Lair:4: 494 daAuts
  Temple: 130 daAuts
